 Dungeon Sprint DCSS version 0.31-a0-523-g071a6c1ffa (webtiles) character file.

Game seed: 16170490820796955069

0 Midn8 the Sneak (level 1, 0/11 HPs)
             Began as a Vine Stalker Brigand on Aug 12, 2023.
             Slain by a river rat (1 damage)
             ... in the Dungeon (Sprint IV: "Fedhas' Mad Dash").
             The game lasted 00:00:15 (27 turns).

Midn8 the Sneak (Vine Stalker Brigand)                Turns: 27, Time: 00:00:16

Health: 0/11       AC:  3    Str: 13    XL:     1   Next: 10%
Magic:  0/2        EV: 11    Int: 11    God:
Gold:   0          SH:  0    Dex: 15    Spells: 0/0 levels left

rFire   . . .        a - +2 dagger
rCold   . . .        (no shield)
rNeg    . . .        b - +0 robe
rPois   .            (no helmet)
rElec   .            c - +0 cloak
rCorr   .            (no gloves)
SInv    .            (no boots)
Will    .....        (no amulet)
Stlth   +++          (no ring)
HPRegen 0.21/turn    (no ring)
MPRegen 0.08/turn

%: no teleportation, guardian spirit
@: no status effects
A: fangs 2, magic shield, antimagic bite, no potion heal 2
a: no special abilities


You were in the Dungeon.
You visited 1 branch

Inventory:

Hand Weapons
 a - a +2 dagger (weapon)
Missiles
 d - 9 poisoned darts (quivered)
 e - 3 curare-tipped darts
Armour
 b - a +0 robe (worn)
 c - a +0 cloak (worn)
Scrolls
 j - a scroll of blinking
Potions
 f - a potion of curing
 g - a potion of haste
 h - 2 potions of magic
 i - a potion of berserk rage


   Skills:
 - Level 1.7 Fighting
 + Level 2.3 Short Blades
 - Level 1.7 Throwing
 - Level 0.7 Dodging
 - Level 4.8 Stealth


You couldn't memorise any spells.
You didn't know any spells.
Your spell library was empty.

Dungeon Overview and Level Annotations

Branches:
Dungeon (1/1)

Altars:


Innate Abilities, Weirdness & Mutations

You have extremely sharp teeth.
When hurt, damage is shared between your health and your magic reserves.
Your bite disrupts and absorbs the magic of your enemies.
Potions cannot restore your health.


Message History

The river rat bites you.
You see here a +0 robe.
The river rat attacks as you move away! The river rat barely misses you.
There is an open door here.
You hit the rat.
You kill the rat!
Your Short Blades skill increases to level 2!
You closely miss the river rat.
You bite the river rat, but do no damage.
The river rat closely misses you.
You barely miss the river rat. The river rat bites you.
You hit the river rat but do no damage. Your bite misses the river rat.
The river rat barely misses you.
You closely miss the river rat. The river rat misses you.
You barely miss the river rat.
You bite the river rat, but do no damage.
The river rat misses you.
You closely miss the river rat. Your bite misses the river rat.
The river rat bites you.
You hit the river rat. Your bite misses the river rat.
The river rat is lightly wounded.
The river rat barely misses you.
You closely miss the river rat.
The river rat is lightly wounded.
You hit the river rat but do no damage.
The river rat is lightly wounded.
The river rat bites you!
Ouch! That really hurt!
* * * LOW HITPOINT WARNING * * *
You are too injured to fight recklessly!
You barely miss the river rat.
The river rat is lightly wounded.
The river rat barely misses you.
You hit the river rat.
The river rat is heavily wounded.
The river rat barely misses you.
You hit the river rat. Your bite misses the river rat.
The river rat is almost dead.
The river rat bites you.
You die...

############
#<..P#.....#
#PP.@r.[...+
#PPPP#.....#
############


You could see a river rat.

Vanquished Creatures
  A rat (D)
1 creature vanquished.

Notes
Turn   | Place    | Note
-------+----------+-------------------------------------------
     0 | D        | Midn8 the Vine Stalker Brigand began the quest for the Orb.
     0 | D        | Reached XP level 1. HP: 11/11 MP: 2/2
    27 | D        | Slain by a river rat

Illustrated notes

Levels and vault maps discovered:
D:        dungeon_sprint_fedhas [sprint_temple]

Skill      XL: |  1 |
---------------+----+-----
Short Blades   | 2 |  2.3
Fighting       | |  1.7
Throwing       | |  1.7
Dodging        | |  0.7
Stealth        | |  4.8

Action                     || total
---------------------------++-------
  Melee: Dagger            ||    14
         Bite              ||     2
 Armour: Robe              ||     1
  Dodge: Dodged            ||     8

Table legend: (Time is in decaauts)
 A = Elapsed time spent in this place.
 B = Non-inter-level travel time spent in this place.
 C = Inter-level travel time spent in this place.
 D = Time resting spent in this place.
 E = Time spent auto-exploring this place.
 F = Levels seen in this place.
 G = Mean time per level.
                   A        B        C        D        E       F      G
               +--------+--------+--------+--------+--------+-----+--------+
         Total |     25 |     25 |      0 |      0 |      0 |   1 |   25.0 |
       Dungeon |     25 |     25 |      0 |      0 |      0 |   1 |   25.0 |
               +--------+--------+--------+--------+--------+-----+--------+

Top non-repeatable levels by time:
       D: 25 daAuts
